 Dungeon Crawl Stone Soup version 0.28-a0-819-g6ef7baa362 (webtiles) character file.

Game seed: 7432917849637129988

0 meatgazer the Skirmisher (level 1, -2/18 HPs)
             Began as a Demonspawn Abyssal Knight on Nov 8, 2021.
             Was a Follower of Lugonu.
             Slain by a tentacled starspawn (15 damage)
             ... on level 2 of the Abyss.
             The game lasted 00:00:28 (196 turns).

meatgazer the Skirmisher (Demonspawn Abyssal Knight) Turns: 196, Time: 00:00:28

Health: -2/18      AC:  3    Str: 13    XL:     1   Next: 0%
Magic:  2/2        EV: 11    Int: 11    God:    Lugonu [*.....]
Gold:   59         SH:  0    Dex: 13    Spells: 0/0 levels left

rFire   . . .      SeeInvis .   a - +1 falchion
rCold   . . .      Faith    .   (no shield)
rNeg    . . .      Spirit   .   b - +0 leather armour
rPois   .          Reflect  .   (no helmet)
rElec   .          Harm     .   (no cloak)
rCorr   .          Rampage  .   (no gloves)
Will    .....                   (no boots)
Stlth   +.........              (no amulet)
HPRegen 0.06/turn               (no ring)
MPRegen 0.08/turn               (no ring)

@: hasted, very quick
A: no striking features
a: Renounce Religion, Depart the Abyss


You were on level 2 of the Abyss.
You worshipped Lugonu.
Lugonu was aware of your devotion.
You visited 0 branches of the dungeon, and saw 0 of its levels.
You visited the Abyss 1 time.

You collected 59 gold pieces.

Inventory:

Hand Weapons
 a - a +1 falchion (weapon)
Armour
 b - a +0 leather armour (worn)
Potions
 d - a potion of attraction {unknown}


   Skills:
 + Level 3.0 Fighting
 + Level 1.7 Long Blades
 + Level 1.7 Armour
 + Level 0.8 Dodging
 + Level 2.4 Invocations


You couldn't memorise any spells.
You didn't know any spells.
Your spell library contained the following spells:

 Spells                   Type           Power      Damage    Failure   Level
 Slow                     Hex            0%         N/A       41%         1
 Confusing Touch          Hex            0%         N/A       80%         3
 Yara's Violent Unravell  Hex/Tmut       0%         3d3       100%        5


Dungeon Overview and Level Annotations

Branches:
Dungeon (0/15)

Altars:


Message History

Found a gateway leading out of the Abyss.
There is a corrupted altar of Lugonu here.
Found a gateway leading out of the Abyss.
c - a silvery potion You are suddenly pulled into a different region of the Abyss!
Found a gateway leading deeper into the Abyss.
There is a gateway leading deeper into the Abyss here.
You plunge deeper into the Abyss.
Found 22 stones and 15 gold pieces.
Found a plate armour.
You now have 15 gold pieces.
Found a corrupted altar of Lugonu.
d - a fuming ruby potion You pick up a book of Misfortune and begin reading...
You add the spells Slow, Confusing Touch and Yara's Violent Unravelling to your library.
You now have 28 gold pieces (gained 13).
A tentacled starspawn comes into view.
Okay, then.
Tentacles burst from the starspawn's body! 2 starspawn tentacles come into view.
It was a potion of haste.
You feel yourself speed up. The starspawn tentacle grabs you.
The starspawn tentacle constricts you.
The starspawn tentacle's grasp on you weakens, but your attempt to escape fails.
The starspawn tentacle's grasp on you weakens, but your attempt to escape fails.
The starspawn tentacle loses its grip on you.
The tentacle pulls you backwards! The starspawn tentacle grabs you.
The starspawn tentacle constricts you.
You escape the starspawn tentacle's grasp.
A smoke demon comes into view.
The smoke demon roars!
Found a bubbling green potion.
Found 31 gold pieces.
You now have 59 gold pieces (gained 31).
There are no items here.
Found a scroll labelled LANEGU ALOGG.
A tentacled starspawn comes into view.
The tentacled starspawn bites you but does no damage.
The tentacled starspawn tentacle-slaps you!
Ouch! That really hurt!
You die...

?. #.....#..... #..
.#
#..#......#......#
.# #...#..##... ...
# .# ##.##.##.#.#
... #.# .
#..#.#....#...(.
..#.##..........#.#
## #..#.#....#...
.[ .
#..#...#.#.≈≈..≈.
#@.##.≈≈≈≈≈##..
#..X.≈♣≈≈≈≈≈≈.#
#..≈≈≈≈≈≈≈≈≈...#
.≈≈≈≈≈≈≈≈≈.###...
♣≈≈≈≈≈.....## ..#
≈≈≈##..##.## ≈##
.#. .. #..# ...


You could see a tentacled starspawn.

Vanquished Creatures (others)
  2 starspawn tentacles (Abyss:2)
2 creatures vanquished.

Notes
Turn   | Place    | Note
-------+----------+-------------------------------------------
     0 | Abyss:1  | meatgazer the Demonspawn Abyssal Knight began the quest for
                  | the Orb.
     0 | Abyss:1  | Reached XP level 1. HP: 18/18 MP: 2/2
    61 | Abyss:1  | Found a corrupted altar of Lugonu.
   131 | Abyss:2  | Found a corrupted altar of Lugonu.
   161 | Abyss:2  | Noticed a tentacled starspawn
   171 | Abyss:2  | Noticed a smoke demon
   192 | Abyss:2  | Noticed a tentacled starspawn
   196 | Abyss:2  | Slain by a tentacled starspawn

Illustrated notes

Levels and vault maps discovered:
Abyss:2:  base:
Temple

Action                   || total
-------------------------++-------
  Use: Potion            ||     1
Armor: Leather armour    ||     1

Table legend: (Time is in decaauts)
 A = Elapsed time spent in this place.
 B = Non-inter-level travel time spent in this place.
 C = Inter-level travel time spent in this place.
 D = Time resting spent in this place.
 E = Time spent auto-exploring this place.
 F = Levels seen in this place.
 G = Mean time per level.
                   A        B        C        D        E       F      G
               +--------+--------+--------+--------+--------+-----+--------+
         Total |    186 |    186 |      0 |      0 |    149 |   2 |   93.0 |
         Abyss |    186 |    186 |      0 |      0 |    149 |   2 |   93.0 |
               +--------+--------+--------+--------+--------+-----+--------+

Top non-repeatable levels by time:
 Abyss:1: 120 daAuts
 Abyss:2: 66 daAuts
